 Dungeon Crawl Stone Soup version 0.31-a0-446-g07c4bd200f (webtiles) character file.

Game seed: 242397027413594344

434 Ethylacetat the Martial Artist (level 7, -4/44 HPs)
             Began as a Vine Stalker Monk on Aug 2, 2023.
             Slain by Duvessa
             ... wielding a +0 short sword
              (5 damage)
             ... on level 4 of the Dungeon.
             The game lasted 00:04:45 (2580 turns).

Ethylacetat the Martial Artist (Vine Stalker Monk)  Turns: 2580, Time: 00:04:45

Health: -4/44      AC:  2    Str: 14    XL:     7   Next: 0%
Magic:  0/8        EV: 13    Int: 10    God:
Gold:   236        SH:  0    Dex: 18    Spells: 6/6 levels left

rFire   . .          .
                       - Unarmed
rCold   . . .        c - orb {light}
rNeg    . . .        a - +0 robe
rPois   .            (no helmet)
rElec   .            (no cloak)
rCorr   .            (no gloves)
SInv    .            (no boots)
Will    .....        (no amulet)
Stlth   +            (no ring)
HPRegen 1.07/turn    (no ring)
MPRegen 0.11/turn

%: guardian spirit
@: attractive, glowing
A: fangs 2, regeneration 1, magic shield, antimagic bite, no potion heal 2
a: no special abilities


You were on level 4 of the Dungeon.
You visited 1 branch of the dungeon, and saw 4 of its levels.

You collected 236 gold pieces.

Inventory:

Armour
 a - a +0 robe (worn)
 c - an orb of light (worn)
Scrolls
 d - 2 scrolls of fear {unknown}
 e - a scroll of amnesia {unknown}
 f - a scroll of enchant armour {unknown}
 g - a scroll of revelation {unknown}
 i - a scroll of brand weapon {unknown}
 j - a scroll of immolation {unknown}
 k - 5 scrolls of fog {unknown}
 n - 3 scrolls of teleportation {unknown}
Potions
 b - a potion of ambrosia
 h - a potion of attraction
 m - a potion of heal wounds


   Skills:
 + Level 9.2 Fighting
 + Level 3.6 Dodging
 + Level 10.0 Unarmed Combat


You had 6 spell levels left.
You didn't know any spells.
Your spell library was empty.

Dungeon Overview and Level Annotations

Branches:
Dungeon (4/15)
 Temple: D:4-7

Altars:
Nemelex Xobeh

Shops:
D:2 ?[*

Annotations:
D:4 3 runed translucent doors, Beaer's ghost, amateur DsFi; Dowan; Duvessa


Innate Abilities, Weirdness & Mutations

You have extremely sharp teeth.
Your natural rate of healing is unusually fast.
When hurt, damage is shared between your health and your magic reserves.
Your bite disrupts and absorbs the magic of your enemies.
Potions cannot restore your health.


Message History

Dowan is moderately wounded.
Dowan falters for a moment.
A hobgoblin comes into view.
Duvessa closely misses you.
You barely miss Duvessa.
The hobgoblin shouts!
You bite Duvessa. You drain her power.
Duvessa is lightly wounded.
Dowan hits you with a +0 dagger. Duvessa hits you with a +0 short sword!
You hit Duvessa but do no damage. You bite Duvessa, but do no damage.
Duvessa is lightly wounded.
Dowan barely misses you. Duvessa hits you with a +0 short sword!
You hit Duvessa but do no damage. You bite Duvessa, but do no damage.
Duvessa is lightly wounded.
Dowan hits you with a +0 dagger. Duvessa hits you but does no damage.
You hit Duvessa. Your bite misses Duvessa.
Duvessa is lightly wounded.
Dowan misses you. Duvessa hits you with a +0 short sword!
It was a potion of attraction.
You feel attractive to monsters. Dowan hits you with a +0 dagger.
Duvessa hits you with a +0 short sword.
* * * LOW HITPOINT WARNING * * *
It was a potion of experience.
You feel more experienced!
Your Fighting skill gained 5 levels and is now at level 9!
Your Unarmed Combat skill gained 6 levels and is now at level 10!
You have reached level 7!
Dowan misses you. Duvessa hits you with a +0 short sword.
* * * LOW HITPOINT WARNING * * *
It was a potion of heal wounds.
That seemed strangely inert.
Dowan falters for a moment.
Duvessa misses you.
You hit Duvessa but do no damage.
Duvessa is lightly wounded.
Dowan barely misses you. Duvessa hits you with a +0 short sword.
* * * LOW HITPOINT WARNING * * *
It was a potion of curing.
That felt strangely inert.
Dowan hits you with a +0 dagger.
* * * LOW HITPOINT WARNING * * *
Duvessa hits you with a +0 short sword.
You die...

### ###### #.# #######
.....# #.# #.....
.....######.###...#
.....#...##..##...#
.....#...##.......#
.....#...#......@e#
.....#...#.......eS.....
.....#...'.......#g.....
.....#...#....#..#...###
.........#....#..# ..#
####.###.##..##..# ..#
..##.....##..##..# .#
..+............>.# .#
#############..


You could see Duvessa, Dowan (magic disrupted), a hobgoblin and a ball python.

Vanquished Creatures
  2 hounds (D:4)
  An orc priest (D:3)
  3 adders
  A white imp (D:3)
  6 dart slugs
  3 worms (D:3)
  6 orcs
  3 endoplasms
  3 hobgoblins (D:4)
  6 jackals (D:2)
  9 kobolds
  2 quokkas
  7 ball pythons
  4 bats
  2 frilled lizards (D:1)
  11 goblins
  8 rats
77 creatures vanquished.

Notes
Turn   | Place    | Note
-------+----------+-------------------------------------------
     0 | D:1      | Ethylacetat the Vine Stalker Monk began the quest for the
                  | Orb.
     0 | D:1      | Reached XP level 1. HP: 11/11 MP: 2/2
   149 | D:1      | Reached XP level 2. HP: 16/16 MP: 3/3
   389 | D:1      | Found a faded altar of an unknown god.
   589 | D:1      | Reached XP level 3. HP: 20/20 MP: 4/4
   731 | D:1      | Found a sparkling altar of Nemelex Xobeh.
  1000 | D:2      | Found Fosiock's Assorted Antiques.
  1097 | D:2      | Found Leuzxaud's Armour Shoppe.
  1101 | D:2      | Gained mutation: Your natural rate of healing is unusually
                  | fast. [Vine Stalker growth]
  1101 | D:2      | Reached XP level 4. HP: 24/24 MP: 5/5
  1116 | D:2      | Found Giczos's Magic Scroll Emporium.
  1678 | D:3      | Reached skill level 4 in Unarmed Combat
  1678 | D:3      | Reached XP level 5. HP: 14/28 MP: 3/6
  2294 | D:4      | Noticed Beaer's ghost (amateur DsFi)
  2303 | D:4      | Found a runed translucent gate.
  2303 | D:4      | Found a runed translucent gate.
  2303 | D:4      | Found a runed translucent gate.
  2464 | D:4      | Reached XP level 6. HP: 30/33 MP: 5/7
  2567 | D:4      | Noticed Duvessa
  2567 | D:4      | Noticed Dowan
  2577 | D:4      | Reached skill level 10 in Unarmed Combat
  2577 | D:4      | Reached XP level 7. HP: 6/44 MP: 1/8
  2580 | D:4      | HP: 1/44 [Dowan/+0 dagger (6)]
  2580 | D:4      | Slain by Duvessa

Illustrated notes

Levels and vault maps discovered:
D:1:      dpeg_arrival_water_altar, layout_basic,
          ebering_ecumenical_altar_abandoned, kennysheep_nondescript,
          minmay_pentomino_q2
D:2:      layout_loops_ring, serial_shops, shop,
          nicolae_shop_overgrown_old_shop, shop, fountainhead
D:3:      layout_basic, hex_intersection
D:4:      layout_basic, tgw_fedhas, gammafunk_ghost_split, due_unseen_surprise,
          uniq_duvessa

Skill      XL: |  1  2  3  4  5  6 |
---------------+-------------------+-----
Fighting       | 3 4 9 |  9.2
Dodging        | 3 |  3.6
Unarmed Combat | 4 10 | 10.0

Action                     |  1- 3 |  4- 6 |  7- 9 || total
---------------------------+-------+-------+-------++-------
  Melee: Unarmed           |    74 |   142 |     1 ||   217
         Bite              |    13 |    46 |       ||    59
    Use: Potion            |       |     2 |     2 ||     4
   Stab: Sleeping          |     1 |       |       ||     1
 Armour: Robe              |     9 |    13 |       ||    22
  Dodge: Dodged            |    39 |    95 |     3 ||   137

Table legend: (Time is in decaauts)
 A = Elapsed time spent in this place.
 B = Non-inter-level travel time spent in this place.
 C = Inter-level travel time spent in this place.
 D = Time resting spent in this place.
 E = Time spent auto-exploring this place.
 F = Levels seen in this place.
 G = Mean time per level.
                   A        B        C        D        E       F      G
               +--------+--------+--------+--------+--------+-----+--------+
         Total |   2568 |   2536 |     32 |     39 |   2047 |   4 |  642.0 |
       Dungeon |   2568 |   2536 |     32 |     39 |   2047 |   4 |  642.0 |
               +--------+--------+--------+--------+--------+-----+--------+

Top non-repeatable levels by time:
     D:1: 755 daAuts
     D:3: 748 daAuts
     D:2: 707 daAuts
     D:4: 356 daAuts
